 Dungeon Crawl Stone Soup version 0.29.0-11-gd7f09526c8 (webtiles) character file.

Game seed: 14851701131775769744

3656 Arcadio the Covert (level 9, -9/85 HPs)
             Began as a Vampire Necromancer on Sept 3, 2022.
             Was a Follower of Kikubaaqudgha.
             Mangled by a troll (13 damage)
             ... on level 8 of the Dungeon.
             The game lasted 00:41:02 (9125 turns).

Arcadio the Covert (Vampire Necromancer)            Turns: 9125, Time: 00:41:03

Health: -9/85      AC:  4    Str:  7    XL:     9   Next: 88%
Magic:  13/19      EV: 15    Int: 32    God:    Kikubaaqudgha [*.....]
Gold:   517        SH:  0    Dex: 14    Spells: 6/21 levels left

rFire   . . .      SeeInvis +   F - +4 dagger "Morg" {pain, Will+ Int+5}
rCold   . . .      Faith    .   (no shield)
rNeg    + . .      Spirit   .   a - +0 robe
rPois   .          Reflect  .   (no helmet)
rElec   .          Harm     .   K - +0 cloak
rCorr   .          Rampage  .   q - +0 pair of gloves
Will    .....                   (no boots)
Stlth   ..........              c - amulet of regeneration
HPRegen 1.24/turn               o - ring of wizardry
MPRegen 0.16/turn               r - ring "Xaoseen" {+Blink Fly rN+ Will- Int+5}

@: berserking (expiring), flying, healing quickly, very quick
A: alive, fangs 3, see invisible, vampiric 2
a: Exsanguinate, Renounce Religion, Evoke Blink, Unearth Wretches


You were on level 8 of the Dungeon.
You worshipped Kikubaaqudgha.
Kikubaaqudgha was aware of your devotion.
You visited 2 branches of the dungeon, and saw 9 of its levels.

You collected 517 gold pieces.

Inventory:

Hand Weapons
 f - a +0 club
 i - a +0 dagger
 t - a +1 short sword of venom
 y - a +0 dagger of protection
 A - a +1 short sword of draining
 F - the +4 dagger "Morg" (weapon) {pain, Will+ Int+5}
   (You found it on level 5 of the Dungeon)

   In the hands of one skilled in necromantic magic, it inflicts extra damage on
   living creatures.
   Int:       It affects your intelligence (+5).
   Will:      It increases your willpower.
 I - a +2 scythe of flaming
 M - a +4 great sword of freezing
 N - a +3 morningstar
 O - a +3 dagger of freezing
Missiles
 D - 2 throwing nets
Armour
 a - a +0 robe (worn)
 h - a +0 leather armour
 q - a +0 pair of gloves (worn)
 K - a +0 cloak (worn)
Jewellery
 c - an amulet of regeneration (around neck)
 o - a ring of wizardry (left hand)
 p - a ring of willpower
 r - the ring "Xaoseen" (right hand) {+Blink Fly rN+ Will- Int+5}
   (You found it on level 2 of the Dungeon)

   [ring of positive energy]

   Int:       It affects your intelligence (+5).
   rN:        It protects you from negative energy.
   Fly:       It grants you flight.
   +Blink:    It lets you blink.
   Will:      It decreases your willpower.
 w - a ring of willpower
Wands
 G - a wand of charming (12)
 J - a wand of quicksilver (8)
Scrolls
 d - 3 scrolls of fear
 g - 3 scrolls of magic mapping
 j - 4 scrolls of amnesia {unknown}
 k - 3 scrolls of immolation {unknown}
 l - 4 scrolls of teleportation {unknown}
 n - 2 scrolls of poison {unknown}
 s - a scroll of enchant weapon {unknown}
 B - a scroll of noise {unknown}
 C - 2 scrolls of butterflies {unknown}
 H - 2 scrolls of enchant armour {unknown}
 L - a scroll of torment {unknown}
 P - a scroll of blinking {unknown}
Potions
 b - a potion of magic
 e - 4 potions of curing
 m - 2 potions of lignification
 v - 2 potions of flight
 x - a potion of mutation
 z - 2 potions of haste {unknown}
 E - 2 potions of heal wounds {unknown}


   Skills:
 + Level 8.1 Dodging
 + Level 11.4 Stealth
 + Level 6.7 Spellcasting
 + Level 9.0 Necromancy


You had 6 spell levels left.
You knew the following spells:

 Your Spells              Type           Power      Damage    Failure   Level
a - Necrotise             Necr           100%       1d9       1%          1
b - Vampiric Draining     Necr           62%        2d10      1%          3
c - Animate Dead          Necr           62%        N/A       1%          4
d - Agony                 Necr           62%        N/A       1%          5
e - Blink                 Tloc           20%        N/A       2%          2

Your spell library contained the following spells:

 Spells                   Type           Power      Damage    Failure   Level
 Sting                    Tmut/Pois      40%        1d5       1%          1
 Sublimation of Blood     Necr           62%        N/A       1%          2
 Poisonous Vapours        Pois/Air       20%        N/A       2%          2
 Frozen Ramparts          Ice            20%        1d4       5%          3
 Ignite Poison            Fire/Tmut/Pois 10%        N/A       5%          3
 Mephitic Cloud           Conj/Pois/Air  10%        N/A       5%          3
 Tukima's Dance           Hex            10%        N/A       5%          3
 Ice Form                 Ice/Tmut       10%        N/A       16%         4
 Olgreb's Toxic Radiance  Pois           10%        N/A       16%         4
 Passage of Golubria      Tloc           10%        N/A       16%         4
 Summon Ice Beast         Ice/Summ       10%        N/A       16%         4
 Freezing Cloud           Conj/Ice/Air   5%         6-21      41%         5
 Manifold Assault         Tloc           10%        N/A       41%         5
 Yara's Violent Unravell  Hex/Tmut       5%         3d4       41%         5
 Dispersal                Tloc           5%         N/A       92%         6
 Storm Form               Tmut/Air       5%         N/A       100%        7
 Disjunction              Tloc           5%         N/A       100%        8


Dungeon Overview and Level Annotations

Branches:
Dungeon (8/15) Zot: 26883  Temple (1/1) D:6 Zot: 5882    Lair (0/5) D:8

Altars:
Ashenzari
Dithmenos
Fedhas
Hepliaklqana
Kikubaaqudgha
Makhleb
Okawaru
Sif Muna
Trog
Uskayaw
Xom

Shops:
D:1 (   D:7 (

Annotations:
D:3 Grinder
D:6 2 runed translucent doors, sanka's ghost, novice TrCA
D:7 Joseph


Innate Abilities, Weirdness & Mutations

Your natural rate of healing is accelerated.
You have razor-sharp teeth.
You have supernaturally acute eyesight. (SInv)
You are afflicted with vampirism and can become a bat while bloodless.


Message History

You hit the wolf.
You kill the wolf!
Kikubaaqudgha accepts your kill. The troll bites you!
The troll closely misses you. x2
The ice beast closely misses you.
You hit the hound.
The hound writhes in agony.
The hound is heavily wounded.
The hound bites you. The troll misses you.
The troll claws you but does no damage. The troll claws you.
The ice beast closely misses you.
You puncture the hound!
You kill the hound!
Kikubaaqudgha accepts your kill.
You puncture the ice beast!
The ice beast writhes in agony.
The ice beast is heavily wounded.
The ice beast hits you but does no damage.
The troll misses you. The troll completely misses you. The troll claws you.
You puncture the ice beast!
The ice beast writhes in agony.
The ice beast is almost dead.
The hound closely misses you. The hound misses you. The ice beast hits you.
The ice beast freezes you! The troll misses you. The troll claws you! x2
You barely miss the ice beast.
The ice beast is almost dead.
The two-headed ogre shouts in stereo!
You hear a howl!
The hound bites you. x2; The ice beast barely misses you.
The troll bites you! The troll claws you!
* * * LOW HITPOINT WARNING * * *
The troll claws you!
* * * LOW HITPOINT WARNING * * *
You puncture the troll!
The troll writhes in agony.
The troll is moderately wounded.
The hound closely misses you. The hound barely misses you.
You closely miss the troll.
The troll is moderately wounded.
The hound closely misses you. The ice beast barely misses you.
The troll misses you. The troll claws you.
* * * LOW HITPOINT WARNING * * *
The troll claws you!
You die...
Kikubaaqudgha rasps: "You have failed me!
Welcome... death!"

.~.≈≈S~≈#
..~h≈≈l≈#
>..h≈≈≈≈#
..h≈≈≈≈≈#
..h≈≈≈≈≈#
.~.~≈~~.###
.h.~~SO...##
.~≈~≈~....Y##
.~~≈......h@#
.~≈≈~.....Th#
~~≈.~.~≈≈.~~.....#
.~~.~.≈~~.~......#
.O~.~.~≈..~~.....#
................##
................#
...##...$....<.#
###++###.........#


You could see a two-headed ogre, a troll, an ice beast, 2 hounds and an electric
eel.

Vanquished Creatures
  Pikel (D:5)
  Sigmund (D:5)
  A water moccasin (D:7)
  A sky beast (D:6)
  2 black bears
  An ice beast (D:5)
  An orc warrior (D:8)
  4 ogres
  2 wolves (D:8)
  A centaur (D:7)
  2 lemures (D:5)
  2 kobold brigands
  3 necrophages (D:5)
  A bullfrog (D:7)
  4 scorpions
  6 wights
  A jelly (D:5)
  8 hounds
  2 gnoll boudas
  An orc priest (D:6)
  Crazy Yiuf (D:5)
  5 iguanas
  4 orc wizards
  12 gnolls
  9 adders
  An ufetubus (D:5)
  2 worms
  A dart slug (D:2)
  15 orcs
  3 bats
  7 endoplasms
  6 giant cockroaches
  29 goblins
  30 hobgoblins
  3 jackals
  A quokka (D:2)
  3 training dummies (D:7)
  6 ball pythons
  2 frilled lizards (D:1)
  21 kobolds
  3 rats
209 creatures vanquished.

Vanquished Creatures (collateral kills)
  A bat (D:1)
  7 goblins
  2 hobgoblins (D:3)
  A kobold (D:3)
11 creatures vanquished.

Grand Total: 220 creatures vanquished

Notes
Turn   | Place    | Note
-------+----------+-------------------------------------------
     0 | D:1      | Arcadio the Vampire Necromancer began the quest for the
                  | Orb.
     0 | D:1      | Reached XP level 1. HP: 13/13 MP: 3/3
   192 | D:1      | Found Coxauluk's Antique Weapon Shoppe.
   336 | D:1      | Reached XP level 2. HP: 19/19 MP: 1/5
  1020 | D:1      | Gained mutation: You are afflicted with vampirism and can
                  | become a bat while bloodless. [Vampire growth]
  1020 | D:1      | Reached XP level 3. HP: 17/24 MP: 1/6
  1415 | D:2      | Reached skill level 4 in Stealth
  1420 | D:2      | Learned a level 3 spell: Vampiric Draining
  1604 | D:2      | Identified the ring "Xaoseen" {+Blink Fly rN+ Will- Int+5}
  1848 | D:2      | Reached XP level 4. HP: 30/30 MP: 4/7
  2369 | D:3      | Reached skill level 5 in Necromancy
  2375 | D:3      | Found a faded altar of an unknown god.
  2579 | D:3      | Learned a level 4 spell: Animate Dead
  2693 | D:3      | Noticed Grinder
  2919 | D:3      | Reached XP level 5. HP: 24/35 MP: 7/9
  3123 | D:3      | Reached skill level 5 in Stealth
  4016 | D:3      | Paralysed by Grinder for 4 turns
  4034 | D:3      | Paralysed by Grinder for 3 turns
  4041 | D:3      | Paralysed by Grinder for 4 turns
  4052 | D:3      | Paralysed by Grinder for 4 turns
  4290 | D:4      | Noticed an ogre
  4404 | D:4      | Reached XP level 6. HP: 20/32 MP: 0/10
  4669 | D:5      | Entered Level 5 of the Dungeon
  5007 | D:5      | Reached skill level 6 in Stealth
  5185 | D:5      | Noticed Sigmund
  5279 | D:5      | Reached XP level 7. HP: 41/41 MP: 3/12
  5501 | D:5      | Noticed Pikel
  5562 | D:5      | Killed Pikel
  5563 | D:5      | Reached skill level 5 in Dodging
  5563 | D:5      | Reached skill level 7 in Stealth
  5761 | D:5      | Found the +4 dagger "Morg" {pain, Will+ Int+5}
  5770 | D:5      | Reached XP level 8. HP: 12/52 MP: 4/14
  5946 | D:5      | Reached skill level 8 in Stealth
  6061 | D:5      | Learned a level 5 spell: Agony
  6064 | D:5      | Learned a level 2 spell: Blink
  6202 | D:5      | Reached skill level 5 in Spellcasting
  6637 | D:5      | Killed Sigmund
  6638 | D:5      | Reached skill level 9 in Stealth
  6697 | D:5      | Found a runed translucent door.
  6698 | D:5      | Noticed Crazy Yiuf
  6705 | D:5      | Killed Crazy Yiuf
  7599 | D:6      | Reached XP level 9. HP: 57/57 MP: 17/17
  7703 | D:6      | Reached skill level 10 in Stealth
  7844 | D:6      | Found a runed translucent door.
  7846 | D:6      | Found a staircase to the Ecumenical Temple.
  7860 | Temple   | Entered the Ecumenical Temple
  7900 | Temple   | Became a worshipper of Kikubaaqudgha
  8379 | D:6      | Found a runed translucent door.
  8384 | D:6      | Noticed sanka's ghost (novice TrCA)
  8805 | D:7      | Found a bloodstained altar of Trog.
  8834 | D:7      | Found Patziv's Firing Range.
  8926 | D:7      | Found an iron altar of Okawaru.
  8944 | D:7      | Reached skill level 11 in Stealth
  8998 | D:7      | Noticed Joseph
  9043 | D:8      | Noticed a troll
  9062 | D:8      | Reached * piety under Kikubaaqudgha
  9062 | D:8      | Received a gift from Kikubaaqudgha
  9069 | D:8      | Noticed a two-headed ogre
  9103 | D:8      | Found a staircase to the Lair.
  9125 | D:8      | HP: 4/85 [troll (5)]
  9125 | D:8      | Mangled by a troll

Illustrated notes

Levels and vault maps discovered:
D:1:      dpeg_arrival_rooms_with_view, layout_basic, serial_shops,
          nicolae_shop_crystal, corner_web_ring, minmay_ruptured
D:2:      layout_rooms, kennysheep_generic_room_11
D:3:      minmay_goblin_kobold_castle, layout_loops_cross,
          ebering_ecumenical_altar_rust, uniq_grinder
D:4:      layout_basic
D:5:      layout_loops_corners, zin_scriptorium, grunt_decor_clamped,
          minmay_bent, uniq_pikel, uniq_sigmund, uniq_crazy_yiuf_cottage
D:6:      layout_basic, mainiacjoe_overflow_catwalk,
          minmay_temple_entry_slanted, ebering_ghost_sewer_f
D:7:      layout_cave_pools, lemuel_zombie_altar_yredelemnul,
          okawaru_gym_becter, lemuel_doored_altar,
          nicolae_ru_the_path_less_chosen, general_overflow_altar, trog_book,
          serial_shops, shop, nicolae_shop_firing_range, uniq_joseph
D:8:      layout_rooms, erik_lair_island, kennysheep_generic_room_12
Temple:   nicolae_temple_two_arcs

Skill      XL: |  1  2  3  4  5  6  7  8  9 |
---------------+----------------------------+-----
Stealth        | 4 5 6 7 9 11 | 11.4
Dodging        | 3 4 5 6 8 |  8.1
Necromancy     | 5 6 7 9 |  9.0
Spellcasting   | 3 4 5 6 |  6.7

Action                   |  1- 3 |  4- 6 |  7- 9 || total
-------------------------+-------+-------+-------++-------
Melee: Dagger            |    49 |   167 |   289 ||   505
       Bite              |     8 |    16 |    20 ||    44
       Unarmed           |     1 |       |       ||     1
       Short sword       |       |    23 |       ||    23
       Punch             |       |     1 |     7 ||     8
 Cast: Necrotise         |    58 |   114 |    24 ||   196
       Vampiric Draining |       |     6 |    32 ||    38
       Animate Dead      |       |     1 |       ||     1
       Agony             |       |       |     3 ||     3
       Blink             |       |       |     1 ||     1
 Abil: End Transformatio |       |     2 |       ||     2
       Bat Form          |       |     2 |       ||     2
       Exsanguinate      |       |     1 |       ||     1
       Revivify          |       |     1 |       ||     1
Evoke: Wand              |       |     4 |       ||     4
  Use: Scroll            |     2 |       |     4 ||     6
       Potion            |       |     2 |     2 ||     4
 Stab: Sleeping          |       |     2 |    14 ||    16
Armor: Robe              |    20 |    49 |    42 ||   111
Dodge: Dodged            |    54 |   151 |   203 ||   408
